 Dungeon Crawl Stone Soup version 0.30-a0-457-g4b7bca3bfa (webtiles) character file.

Game seed: 7485375402183733834

8461 snetch the Cleaver (level 11, -5/99 HPs)
             Began as a Hill Orc Fighter on Dec 5, 2022.
             Was a Believer of Beogh.
             Slain by a yak (10 damage)
             ... on level 10 of the Dungeon on Dec 12, 2022.
             The game lasted 00:35:18 (9787 turns).

snetch the Cleaver (Hill Orc Fighter)               Turns: 9787, Time: 00:35:18

Health: -5/99      AC: 14    Str: 24    XL:     11   Next: 31%
Magic:  11/11      EV:  9    Int:  8    God:    Beogh [**....]
Gold:   635        SH:  0    Dex: 10    Spells: 10/10 levels left

rFire   + . .      SeeInvis .    c - +0 war axe
rCold   + . .      Faith    .    t - orb {light}
rNeg    . . .      Spirit   .    y - +0 chain mail
rPois   .          Reflect  .    W - +0 helmet
rElec   .          Harm     .    C - scarf {repulsion}
rCorr   .          Rampage  .    (no gloves)
Will    .....                    o - +0 pair of boots
Stlth   ..........               (no amulet)
HPRegen 0.36/turn                Q - ring of protection from fire
MPRegen 0.12/turn                H - ring of protection from cold

@: glowing, studying Dodging, repel missiles
A: no striking features
a: Renounce Religion, Smiting


You were on level 10 of the Dungeon.
You worshipped Beogh.
Beogh was pleased with you.
You visited 2 branches of the dungeon, and saw 11 of its levels.
You also visited: Sewer.

You collected 635 gold pieces.

Inventory:

Hand Weapons
 a - a +0 spear of venom
 b - a +0 morningstar
 c - a +0 war axe (weapon)
 w - the +0 staff of Battle
   (You found it on level 8 of the Dungeon)

   It enhances your conjuration magic.
   It summons a battlesphere in combat, with strength depending on Conjurations
   skill.
   Its strikes trigger the battlesphere's blasts.
Missiles
 i - 55 stones (quivered)
 j - 5 atropa-tipped darts
 B - 13 poisoned darts
 N - 3 boomerangs
 S - a throwing net
Armour
 o - a +0 pair of boots (worn)
 t - an orb of light (worn)
 y - a +0 chain mail (worn)
 C - a scarf of repulsion (worn)
 U - a +0 kite shield
 W - a +0 helmet (worn)
Jewellery
 A - a ring of wizardry
 F - a ring of fire
 H - a ring of protection from cold (right hand)
 Q - a ring of protection from fire (left hand)
Wands
 J - a wand of digging (1)
 K - a wand of paralysis (16)
 M - a wand of flame (21)
 R - a wand of polymorph (13)
 X - a wand of light (10)
 Y - a wand of mindburst (9)
Scrolls
 e - 2 scrolls of teleportation {unknown}
 h - 2 scrolls of butterflies {unknown}
 l - 3 scrolls of enchant armour {unknown}
 q - a scroll of enchant weapon
 s - 2 scrolls of noise {unknown}
 v - 5 scrolls of blinking {unknown}
 x - 2 scrolls of summoning {unknown}
 z - a scroll of torment {unknown}
 E - 3 scrolls of magic mapping {unknown}
 L - 2 scrolls of amnesia {unknown}
 O - a scroll of immolation
 V - 2 scrolls of vulnerability {unknown}
 Z - a scroll of silence
Potions
 d - 3 potions of might
 f - 3 potions of heal wounds {unknown}
 g - a potion of berserk rage
 k - 2 potions of attraction
 m - 2 potions of flight {unknown}
 n - 4 potions of degeneration {unknown}
 p - 4 potions of curing {unknown}
 r - a potion of resistance
 u - 4 potions of cancellation {unknown}
 D - 2 potions of haste {unknown}
 G - a potion of brilliance
 I - 2 potions of ambrosia {unknown}
 P - a potion of invisibility
 T - 2 potions of lignification {unknown}


   Skills:
 + Level 9.7 Fighting
 + Level 14.0(14.7) Axes
 + Level 6.3(10.0) Maces & Flails
 + Level 0.3(7.5) Polearms
 + Level 0.6 Throwing
 + Level 9.5 Armour
 + Level 2.8 Dodging
 + Level 1.8 Stealth
 + Level 4.3 Shields


You had 10 spell levels left.
You didn't know any spells.
Your spell library contained the following spells:

 Spells                   Type           Power      Damage    Failure   Level
 Freeze                   Ice            0%         1d3       93%         1
 Scorch                   Fire           0%         2d5       98%         2
 Frozen Ramparts          Ice            0%         1d1       100%        3
 Gell's Gravitas          Tloc           0%         N/A       100%        3
 Hailstorm                Conj/Ice       0%         3d3       100%        3
 Lesser Beckoning         Tloc           0%         N/A       100%        3
 Portal Projectile        Hex/Tloc       0%         N/A       100%        3
 Teleport Other           Tloc           0%         N/A       100%        3
 Tukima's Dance           Hex            0%         N/A       100%        3
 Flame Wave               Conj/Fire      0%         2d4       100%        4
 Ice Form                 Ice/Tmut       0%         N/A       100%        4
 Blade Hands              Tmut           0%         N/A       100%        5
 Simulacrum               Ice/Necr       0%         N/A       100%        6
 Summon Cactus Giant      Summ           0%         N/A       100%        6


Dungeon Overview and Level Annotations

Branches:
Dungeon (10/15)            Temple (1/1) D:7             Orc (0/2) D:9
  Sewer (visited)
   Lair: D:8-11

Altars:
Cheibriados
Dithmenos
Elyvilon
Fedhas
Gozag
Hepliaklqana
Kikubaaqudgha
Makhleb
Nemelex Xobeh
Okawaru
Qazlal
Ru
Sif Muna
Trog
Uskayaw
Vehumet
Wu Jian
Xom
Yredelemnul
Zin
The Shining One

Shops:
D:3 =

Annotations:
D:7 1 runed translucent door, retardedninja's ghost, novice HOFi
D:9 3 runed translucent doors, exclusions: orange crystal statue and statue, themarg's ghost, journeyman DrCj


Message History

The yak is heavily wounded.
You slash the yak! You hit the yak. x2
You kill the yak!
Beogh accepts your kill.
Unknown command.
You slice the yak!!
You kill the yak!
Beogh accepts your kill.
You hit the yak but do no damage. You hit the yak. The yak gores you.
The yak closely misses you.
Unknown command.
You hit the yak but do no damage. You hit the yak. x2
The yak gores you but does no damage. The yak gores you!
* * * LOW HITPOINT WARNING * * *
The yak gores you!
* * * LOW HITPOINT WARNING * * *
Unknown command.
You hit the yak.
The yak is lightly wounded.
You hit the yak but do no damage. You hit the yak.
The yak gores you but does no damage. The yak gores you.
* * * LOW HITPOINT WARNING * * *
The yak gores you but does no damage.
Unknown command.
You barely miss the yak.
The yak is lightly wounded.
You hit the yak. You completely miss the yak. The yak gores you.
* * * LOW HITPOINT WARNING * * *
The yak gores you.
* * * LOW HITPOINT WARNING * * *
The yak barely misses you.
You slash the yak!
The yak is heavily wounded.
You hit the yak. You hit the yak but do no damage.
Unknown command.
You hit the yak but do no damage.
The yak is heavily wounded.
You slash the yak! You hit the yak. The yak gores you but does no damage.
The yak gores you!
You die...

.......#..
.........# ........#
# #......#.#
#......#.####
#............
#....)Y......
#....@Y......
#####.))Y......
##.###..............
..........#.........
#####.<..#.........
#....#.........
##.#...........
#.#...........
#.#.........


You could see 3 yaks.

Vanquished Creatures
  Harold (D:9)
  A deep elf pyromancer (D:9)
  An ice statue (D:9)
  2 tengu conjurers (D:8)
  2 shadows (D:9)
  A wraith (D:9)
  13 yaks
  The ghost of p00ps00p the Trooper, an amateur HOFi (D:3)
  A steam dragon (D:9)
  Menkaure (D:6)
  The ghost of pigah the Magician, an amateur OpWn (D:3)
  An acid dragon (D:7)
  3 water moccasins
  4 sky beasts
  An orc warrior (D:4)
  2 black bears
  3 ice beasts
  The ghost of ragingrage the Cutter, an amateur AtCK of Xom (D:3)
  3 ogres
  The ghost of zupo the Gusty, an amateur DrAE (D:3)
  A centaur (D:8)
  3 phantoms
  5 bullfrogs
  A scorpion (D:6)
  2 necrophages (D:5)
  6 wights
  6 howler monkeys
  2 hounds (D:5)
  An orc priest (D:8)
  3 gnoll boudas
  3 iguanas
  3 orc wizards
  6 ogre zombies (D:9)
  7 adders
  10 gnolls
  A white imp (D:7)
  An ufetubus (D:5)
  3 worms
  3 dart slugs
  17 orcs
  3 bats
  5 endoplasms
  3 giant cockroaches
  3 goblins
  7 hobgoblins
  5 jackals
  2 quokkas
  5 ball pythons
  12 frilled lizards
  5 goblin zombies (D:9)
  2 hobgoblin zombies (D:9)
  4 kobolds
  3 orc skeletons (D:9)
  9 orc zombies (D:9)
  3 rats
199 creatures vanquished.

Vanquished Creatures (others)
  An orc wizard (D:6)
  7 plants (D:5)
  A withered plant (D:3)
9 creatures vanquished.

Grand Total: 208 creatures vanquished

Notes
Turn   | Place    | Note
-------+----------+-------------------------------------------
     0 | D:1      | snetch the Hill Orc Fighter began the quest for the Orb.
     0 | D:1      | Reached XP level 1. HP: 19/19 MP: 1/1
    17 | D:1      | Found a faded altar of an unknown god.
   479 | D:1      | Reached XP level 2. HP: 24/27 MP: 2/2
   543 | D:1      | Reached skill level 3 in Axes
   794 | D:3      | Reached XP level 3. HP: 33/33 MP: 3/3
  1311 | D:4      | Reached skill level 4 in Axes
  1314 | D:4      | Reached XP level 4. HP: 27/40 MP: 4/4
  1440 | D:3      | Found Mouna's Jewellery Shop.
  1672 | D:3      | Noticed zupo's ghost (amateur DrAE)
  1674 | D:3      | Found a runed translucent gate.
  1674 | D:3      | Found a runed translucent gate.
  1674 | D:3      | Found a runed translucent gate.
  1675 | D:3      | Noticed ragingrage's ghost (amateur AtCK)
  1675 | D:3      | Noticed p00ps00p's ghost (amateur HOFi)
  1675 | D:3      | Noticed pigah's ghost (amateur OpWn)
  1901 | D:5      | Entered Level 5 of the Dungeon
  1931 | D:5      | Noticed an ogre
  1936 | D:5      | Killed an ogre
  1937 | D:5      | Reached skill level 5 in Axes
  1937 | D:5      | Reached XP level 5. HP: 25/46 MP: 5/5
  1979 | D:5      | Reached skill level 6 in Axes
  1979 | D:5      | Reached XP level 6. HP: 38/53 MP: 6/6
  2016 | D:5      | Found a stormy altar of Qazlal.
  2074 | D:5      | Reached skill level 7 in Axes
  2074 | D:5      | Reached skill level 1 in Dodging
  2079 | D:5      | Noticed a black bear
  2085 | D:5      | Killed a black bear
  2086 | D:5      | Reached skill level 5 in Armour
  2086 | D:5      | Reached XP level 7. HP: 56/60 MP: 7/7
  2173 | D:5      | Found a burning altar of Makhleb.
  2220 | D:5      | Reached skill level 5 in Fighting
  2220 | D:5      | Reached skill level 8 in Axes
  2245 | D:5      | Found a glowing drain.
  2257 | Sewer    | Entered a sewer
  2644 | D:5      | Found a shimmering altar of Xom.
  2651 | D:5      | Reached skill level 1 in Stealth
  2711 | D:4      | Reached XP level 8. HP: 10/69 MP: 8/8
  3080 | D:4      | Reached skill level 9 in Axes
  3408 | D:6      | Noticed Menkaure
  3413 | D:6      | Killed Menkaure
  3434 | D:6      | Reached skill level 10 in Axes
  3441 | D:6      | Found a basalt altar of Yredelemnul.
  3451 | D:6      | Became a worshipper of Beogh the Brigand
  3767 | D:6      | Found a glowing silver altar of Zin.
  4149 | D:6      | Found an opulent altar of Gozag.
  4273 | D:6      | Found a bloodstained altar of Trog.
  4514 | D:7      | Reached XP level 9. HP: 73/78 MP: 9/9
  4578 | D:6      | Reached skill level 11 in Axes
  4732 | D:3      | Killed p00ps00p's ghost
  4735 | D:3      | Killed ragingrage's ghost
  4742 | D:3      | Killed pigah's ghost
  4759 | D:3      | Killed zupo's ghost
  5227 | D:7      | Found a hazy altar of Hepliaklqana.
  5271 | D:7      | Reached * piety under Beogh
  5285 | D:7      | Found a staircase to the Ecumenical Temple.
  5294 | Temple   | Entered the Ecumenical Temple
  5671 | D:7      | Reached skill level 12 in Axes
  5773 | D:7      | Found a runed translucent door.
  5775 | D:7      | Noticed a +0 dagger of chaos
  5776 | D:7      | Found a shimmering altar of Xom.
  5776 | D:7      | Noticed retardedninja's ghost (novice HOFi)
  6322 | D:8      | Found a shimmering blue altar of Sif Muna.
  6587 | D:8      | Reached XP level 10. HP: 74/88 MP: 10/10
  6749 | D:8      | Reached skill level 13 in Axes
  6940 | D:8      | Reached ** piety under Beogh
  6960 | D:8      | Reached skill level 1 in Maces & Flails
  6969 | D:8      | Identified a scroll of acquirement
  7283 | D:8      | Found the +0 staff of Battle
  7348 | D:8      | Found a hazy altar of Hepliaklqana.
  7691 | D:9      | Found a staircase to the Orcish Mines.
  7942 | D:9      | Found a runed translucent gate.
  7943 | D:9      | Found a runed translucent gate.
  7944 | D:9      | Found a runed translucent gate.
  7963 | D:9      | Noticed an orange crystal statue
  7980 | D:9      | Noticed an ice statue
  8142 | D:9      | Reached skill level 5 in Maces & Flails
  8703 | D:9      | Found a sacrificial altar of Ru.
  8742 | D:9      | Found a hide-covered altar of Uskayaw.
  8778 | D:9      | Reached XP level 11. HP: 91/97 MP: 11/11
  8794 | D:9      | Found a radiant altar of Vehumet.
  8836 | D:10     | Entered Level 10 of the Dungeon
  8857 | D:10     | Noticed Harold
  8867 | D:10     | Paralysed by Harold for 5 turns
  8891 | D:9      | Killed Harold
  9121 | D:10     | Noticed a deep elf pyromancer
  9150 | D:9      | Killed a deep elf pyromancer
  9261 | D:9      | Acquired a manual of Dodging
  9293 | D:9      | Upgraded the game from 0.30-a0-393-g54b8e3be05 to
                  | 0.30-a0-457-g4b7bca3bfa
  9545 | D:9      | Noticed themarg's ghost (journeyman DrCj)
  9629 | D:9      | Reached skill level 14 in Axes
  9785 | D:10     | HP: 4/99 [yak (3)]
  9787 | D:10     | Slain by a yak

Illustrated notes

Levels and vault maps discovered:
D:1:      minmay_arrival_plants_in_alcoves, layout_basic,
          chequers_ecumenical_altar_simple, minmay_pentomino_p4
D:2:      layout_rooms
D:3:      layout_basic, serial_shops, nicolae_shop_advertising_works
          [nicolae_subvault_shop_adworks], gammafunk_ghost_cemetery,
          minivault_24
D:4:      minmay_chambers_of_fours, layout_rooms
D:5:      layout_rooms, mainiacjoe_overflow_24_doors,
          mainiacjoe_overflow_catwalk, bloody_makhleb,
          cheibrodos_sewer_entry_bend, hangedman_decor_push, minmay_lizard_king
D:6:      layout_basic, nicolae_overflow_crystal_walls, lemuel_round_altar,
          amcnicky_altar_gilded, mainiacjoe_overflow_cross_hatched,
          nicolae_benzene_ring, uniq_menkaure
D:7:      layout_cave_pools, minmay_temple_entry_poolview, ebering_ghost_xom,
          kennysheep_small_circle
D:8:      minmay_skewed_foursquare, layout_loops_cross, led_sif_pool,
          nicolae_hepliaklqana_hippocampus, minmay_misc_feat_more_columns,
          hellmonk_guarded_unrand_staff_of_battle
D:9:      minmay_separated_statues, layout_cave_pools, vehumet_statue,
          nicolae_ru_great_annihilating_truth, kennysheep_little_box,
          zombieorc1_lemuel, gammafunk_ghost_icy, chequers_serial_rivers_room_a,
          nicolae_sextant, nrook_campfire, nrook_uturn
D:10:     layout_basic, lemuel_doored_altar, lair_entry_dummy,
          gammafunk_ghost_berserking_beasts, water_maze_lemuel, uniq_harold,
          uniq_maggie
Temple:   compressed_dpeg_triangle_lava_temple

Skill      XL: |  1  2  3  4  5  6  7  8  9 10 11 |
---------------+----------------------------------+-----
Axes           | 3 4 5 6 7 8 10 12 13 14 | 14.0
Armour         | 4 5 6 7 8 9 |  9.5
Fighting       | 4 5 6 8 9 |  9.7
Dodging        | 1 2 |  2.8
Stealth        | 1 |  1.8
Shields        | 4 |  4.3
Maces & Flails | 5 6 |  6.3
Polearms       | |  0.3
Throwing       | |  0.6

Action                   |  1- 3 |  4- 6 |  7- 9 | 10-12 || total
-------------------------+-------+-------+-------+-------++-------
Melee: War axe           |   100 |    65 |   278 |    84 ||   527
       Morningstar       |       |       |       |   184 ||   184
       Spear             |       |       |       |     7 ||     7
Throw: Stone             |       |       |     3 |     9 ||    12
Invok: Convert to Beogh  |       |       |     1 |       ||     1
  Use: Scroll            |       |       |       |    10 ||    10
Armor: Scale mail        |    67 |       |       |       ||    67
       Chain mail        |       |    56 |   141 |   172 ||   369
Dodge: Dodged            |    57 |    25 |    92 |   132 ||   306
       Repelled          |       |       |       |     3 ||     3
Block: Buckler           |    23 |     2 |       |       ||    25
       Kite shield       |       |       |    38 |     3 ||    41

Table legend: (Time is in decaauts)
 A = Elapsed time spent in this place.
 B = Non-inter-level travel time spent in this place.
 C = Inter-level travel time spent in this place.
 D = Time resting spent in this place.
 E = Time spent auto-exploring this place.
 F = Levels seen in this place.
 G = Mean time per level.
                   A        B        C        D        E       F      G
               +--------+--------+--------+--------+--------+-----+--------+
         Total |   9893 |   9251 |    642 |    204 |   5943 |  12 |  824.4 |
       Dungeon |   9339 |   8716 |    623 |    204 |   5687 |  10 |  933.9 |
        Temple |    319 |    300 |     19 |      0 |     97 |   1 |  319.0 |
         Sewer |    233 |    233 |      0 |      0 |    158 |   1 |  233.0 |
               +--------+--------+--------+--------+--------+-----+--------+

Top non-repeatable levels by time:
     D:9: 2019 daAuts
     D:8: 1500 daAuts
     D:6: 1047 daAuts
     D:5: 929 daAuts
     D:4: 846 daAuts
     D:3: 845 daAuts
     D:1: 793 daAuts
     D:7: 756 daAuts
     D:2: 442 daAuts
  Temple: 319 daAuts
   Sewer: 233 daAuts
    D:10: 158 daAuts
